 Dungeon Crawl Stone Soup version 0.29.1-2-gbd0b4ee654 (webtiles) character file.

Game seed: 6390384609244410765

16459 DemonSlayer the Thaumaturge (level 12, -3/78 HPs)
             Began as a Demonspawn Fire Elementalist on Oct 29, 2022.
             Slain by an elephant (13 damage)
             ... on level 5 of the Lair of Beasts.
             The game lasted 00:41:22 (16228 turns).

DemonSlayer the Thaumaturge (DsFE)                 Turns: 16228, Time: 00:41:23

Health: -3/78      AC:  6    Str:  9    XL:     12   Next: 10%
Magic:  13/26      EV: 12    Int: 19    God:
Gold:   1475       SH: 10    Dex: 13    Spells: 3/32 levels left

rFire   . . .      SeeInvis .   b - +5 dagger (venom)
rCold   + . .      Faith    .   D - +1 buckler
rNeg    . . .      Spirit   .   a - +0 troll leather armour
rPois   +          Reflect  +   (helmet restricted)
rElec   .          Harm     .   (cloak unavailable)
rCorr   +          Rampage  .   g - +0 pair of gloves
Will    +....                   G - +0 pair of boots
Stlth   +++++.....              l - amulet of reflection
HPRegen 1.03/turn               H - ring of resist corrosion
MPRegen 0.40/turn               k - ring "Cooruw" {rPois rC+ Will+ Int-3 Stlth+}

@: no status effects
A: antennae 2, claws 1, magic regeneration, demonic magic 1, weakness stinger 3
a: no special abilities


You were on level 5 of the Lair of Beasts.
You visited 3 branches of the dungeon, and saw 16 of its levels.

You collected 1475 gold pieces.

Inventory:

Hand Weapons
 b - a +5 dagger of venom (weapon)
Missiles
 B - a curare-tipped dart
Armour
 a - a +0 troll leather armour (worn)
 e - a +0 cloak
 g - a +0 pair of gloves (worn)
 D - a +1 buckler (worn)
 G - a +0 pair of boots (worn)
Jewellery
 k - the ring "Cooruw" (right hand) {rPois rC+ Will+ Int-3 Stlth+}
   (You acquired it on level 2 of the Lair of Beasts)

   [ring of protection from cold]

   Int:       It affects your intelligence (-3).
   rC:        It protects you from cold.
   rPois:     It protects you from poison.
   Will:      It increases your willpower.
   Stlth:     It makes you more stealthy.
 l - an amulet of reflection (around neck)
 o - a ring of see invisible
 H - a ring of resist corrosion (left hand)
Wands
 n - a wand of paralysis (10)
 r - a wand of flame (79)
 y - a wand of iceblast (4)
 C - a wand of acid (2)
Scrolls
 c - 2 scrolls of enchant armour
 h - 2 scrolls of fear
 i - 4 scrolls of summoning
 j - a scroll of blinking
 p - 3 scrolls of teleportation
 q - a scroll of identify
 t - 4 scrolls of vulnerability
 w - 5 scrolls of poison
 E - a scroll of brand weapon
Potions
 d - 5 potions of attraction
 f - 3 potions of might
 m - a potion of cancellation {unknown}
 s - 6 potions of curing
 u - 3 potions of mutation
 v - a potion of flight
 x - 2 potions of brilliance
 z - 3 potions of lignification
 A - a potion of haste
 J - a potion of ambrosia


   Skills:
 + Level 2.1 Fighting
 + Level 3.6 Short Blades
 + Level 2.2 Armour
 + Level 3.7 Dodging
 + Level 9.3 Stealth
 + Level 2.0 Shields
 + Level 10.6 Spellcasting
 + Level 4.0 Conjurations
 + Level 9.7 Fire Magic
 + Level 3.2 Earth Magic
 + Level 1.7 Evocations


You had 3 spell levels left.
You knew the following spells:

 Your Spells              Type           Power      Damage    Failure   Level
a - Foxfire               Conj/Fire      100%       2x1d9     1%          1
b - Scorch                Fire           94%        2d9       1%          2
c - Stone Arrow           Conj/Erth      48%        3d10      9%          3
d - Conjure Flame         Conj/Fire      36%        6-21      2%          3
e - Dispel Undead         Necr           10%        3d9       77%         4
f - Flame Wave            Conj/Fire      36%        2d10      8%          4
g - Passwall              Tmut/Erth      13%        N/A       10%         2
h - Swiftness             Air            10%        N/A       36%         3
i - Hailstorm             Conj/Ice       17%        3d6       50%         4
j - Frozen Ramparts       Ice            20%        1d4       36%         3

Your spell library contained the following spells:

 Spells                   Type           Power      Damage    Failure   Level
 Inner Flame              Hex/Fire       28%        N/A       5%          3
 Ignite Poison            Fire/Tmut/Pois 22%        N/A       10%         3
 Freeze                   Ice            40%        1d6       13%         1
 Necrotise                Necr           40%        1d6       13%         1
 Ensorcelled Hibernation  Hex/Ice        20%        N/A       19%         2
 Mephitic Cloud           Conj/Pois/Air  15%        N/A       22%         3
 Vampiric Draining        Necr           10%        2d6       36%         3
 Sticky Flame             Conj/Fire      36%        2d6       8%          4
 Animate Armour           Summ/Erth      32%        N/A       54%         4
 Airstrike                Air            5%         2d(1-17)  77%         4
 Corpse Rot               Necr/Pois/Air  10%        N/A       77%         4
 Passage of Golubria      Tloc           10%        N/A       77%         4
 Summon Lightning Spire   Summ/Air       10%        N/A       77%         4
 Lightning Bolt           Conj/Air       8%         1d21      83%         5
 Freezing Cloud           Conj/Ice/Air   7%         6-21      90%         5
 Agony                    Necr           10%        N/A       98%         5
 Silence                  Hex/Air        5%         N/A       98%         5
 Death Channel            Necr           5%         N/A       100%        6
 Lehudib's Crystal Spear  Conj/Erth      12%        10d4      100%        8


Dungeon Overview and Level Annotations

Branches:
Dungeon (10/15)            Temple (1/1) D:7            Lair (5/5) D:10
  Swamp: Lair:2-3    Shoals: Lair:2-3     Snake: Lair:2-3    Spider: Lair:2-3
  Slime: Lair:4-5       Orc: D:9-12

Altars:
Ashenzari
Cheibriados
Dithmenos
Fedhas
Gozag
Hepliaklqana
Kikubaaqudgha
Makhleb
Nemelex Xobeh
Okawaru
Qazlal
Sif Muna
Trog
Uskayaw
Vehumet
Wu Jian
Xom
Yredelemnul

Shops:
D:6 [

Annotations:
D:8 3 runed translucent doors, hawla's ghost, journeyman DEFE
Lair:1 exclusion: oklob plant


Innate Abilities, Weirdness & Mutations

You have a pair of antennae on your head.
You have sharp fingernails.
You regenerate magic rapidly.
Spells you cast may paralyse adjacent enemies.
You have a sharp stinger which inflicts weakening toxins.


Message History

The helpless elephant fails to defend itself.
You stick the elephant like a pincushion!!!
You kill the elephant!
You block the death yak's attack.
A yak comes into view.
You block the elephant's attack. The elephant closely misses you.
The elephant tramples you.
You hold your ground!
The elephant trunk-slaps you.
The elephant tramples you but does no damage.
The elephant trunk-slaps you but does no damage.
A wave of flame ripples out!
The flame wave engulfs the elephant.
The elephant is lightly wounded.
The flame wave engulfs the death yak!
The death yak is severely wounded.
The flame wave engulfs the elephant.
The elephant is lightly wounded.
The flame wave engulfs the komodo dragon!
The komodo dragon is moderately wounded.
The flame wave engulfs the cane toad!
The cane toad is almost dead.
The flame wave engulfs the elephant!
The elephant is lightly wounded. (Press . to intensify the flame waves.) Malevolent energies surge around you.
The komodo dragon suddenly stops moving!
The elephant suddenly stops moving!
The yak bellows!
The death yak gores you! The elephant misses you. The elephant trunk-slaps you.
You block the elephant's attack.
The elephant trunk-slaps you but does no damage.
The helpless komodo dragon fails to defend itself.
You skewer the komodo dragon like a kebab!!!
You kill the komodo dragon!
The cane toad is no longer paralysed.
The cane toad stings you!
* * * LOW HITPOINT WARNING * * *
The death yak gores you!
* * * LOW HITPOINT WARNING * * *
You block the elephant's attack.
The elephant trunk-slaps you but does no damage.
The elephant tramples you!
You die...

............P#
.............##
......SY......#
.......Y....$##
..............#
#............
...#..Y.F......
.....FY@.......
......Y.Y......
............#.#
...##....#.##
.. ....#.## .
(...###. ....#
# .P.##


You could see a death yak, 3 elephants, a black mamba, 2 yaks and 2 cane toads.

Vanquished Creatures
  A hydra (Lair:1)
  3 two-headed ogres
  Pikel (D:8)
  2 elephants (Lair:5)
  3 black mambas
  Joseph (D:8)
  4 cane toads (Lair:1)
  Psyche (D:8)
  A komodo dragon (Lair:5)
  3 kobold demonologists (D:7)
  3 trolls
  3 blink frogs (Lair:1)
  5 dream sheep (Lair:5)
  3 shadows
  2 wyverns
  4 yaks (D:9)
  3 steam dragons
  3 wargs (D:10)
  6 water moccasins
  An acid dragon (D:9)
  2 black bears
  4 orc warriors
  An ice beast (D:5)
  A sky beast (D:4)
  3 ogres
  A phantom (D:5)
  6 centaurs
  5 wolves (Lair:5)
  2 kobold brigands
  Blork the orc (D:4)
  A necrophage (D:7)
  2 jellies (D:6)
  5 bullfrogs
  2 scorpions
  9 wights
  6 killer bees (D:7)
  2 electric eels (D:9)
  3 howler monkeys
  4 hounds
  A gnoll bouda (D:5)
  9 orc priests
  Jessica (D:2)
  5 iguanas
  11 orc wizards
  7 adders
  A white imp (D:7)
  3 ufetubi
  2 worms (D:3)
  2 dart slugs
  49 orcs
  10 endoplasms
  3 giant cockroaches
  3 hobgoblins
  13 jackals
  11 kobolds
  5 quokkas
  9 ball pythons
  2 bats
  8 frilled lizards
  6 goblins
  3 rats
277 creatures vanquished.

Vanquished Creatures (collateral kills)
  10 foxfires
10 creatures vanquished.

Vanquished Creatures (others)
  2 demonic plants (D:3)
  235 foxfires
  A fungus (Lair:5)
  7 plants
245 creatures vanquished.

Grand Total: 532 creatures vanquished

Notes
Turn   | Place    | Note
-------+----------+-------------------------------------------
     0 | D:1      | DemonSlayer the Demonspawn Fire Elementalist began the
                  | quest for the Orb.
     0 | D:1      | Reached XP level 1. HP: 13/13 MP: 3/3
   662 | D:1      | Gained mutation: Spells you cast may paralyse adjacent
                  | enemies. [demonic ancestry]
   662 | D:1      | Reached XP level 2. HP: 19/19 MP: 0/5
   665 | D:1      | Learned a level 2 spell: Scorch
  1393 | D:1      | Found a faded altar of an unknown god.
  2418 | D:2      | Reached XP level 3. HP: 24/24 MP: 1/6
  2567 | D:2      | Noticed Jessica
  2572 | D:2      | Killed Jessica
  3003 | D:2      | Reached XP level 4. HP: 30/30 MP: 4/7
  3177 | D:2      | Learned a level 3 spell: Stone Arrow
  3946 | D:3      | Reached skill level 3 in Spellcasting
  4297 | D:4      | Learned a level 3 spell: Conjure Flame
  4422 | D:4      | Noticed a scorpion
  4428 | D:4      | Killed a scorpion
  4429 | D:4      | Discovered your monstrous ancestry.
  4429 | D:4      | Gained mutation: You have a small tail. [demonic ancestry]
  4429 | D:4      | Reached XP level 5. HP: 35/35 MP: 6/9
  4636 | D:4      | Noticed a sky beast
  4654 | D:5      | Entered Level 5 of the Dungeon
  5136 | D:4      | Killed a sky beast
  5137 | D:4      | Gained mutation: You regenerate magic rapidly. [demonic
                  | ancestry]
  5137 | D:4      | Reached XP level 6. HP: 29/41 MP: 0/11
  5358 | D:4      | Noticed Blork the orc
  5364 | D:4      | Killed Blork the orc
  5365 | D:4      | Reached skill level 4 in Spellcasting
  5521 | D:4      | Found a shimmering blue altar of Sif Muna.
  5915 | D:5      | Gained mutation: You have a tail ending in a sharp stinger.
                  | [demonic ancestry]
  5915 | D:5      | Reached XP level 7. HP: 46/46 MP: 10/14
  6048 | D:5      | Reached skill level 1 in Short Blades
  6205 | D:5      | Identified the +6 long sword of the Revolution {holy, rPois
                  | Int+6}
  6332 | D:5      | Reached skill level 5 in Fire Magic
  6622 | D:5      | Reached skill level 5 in Spellcasting
  6838 | D:5      | Learned a level 4 spell: Dispel Undead
  6940 | D:6      | Reached XP level 8. HP: 48/52 MP: 7/15
  7115 | D:6      | Found Qikh's Armour Emporium.
  7300 | D:6      | Found a shadowy altar of Dithmenos.
  7301 | D:6      | Found a hazy altar of Hepliaklqana.
  7402 | D:6      | Found a stormy altar of Qazlal.
  7701 | D:6      | Reached skill level 5 in Stealth
  7708 | D:6      | Reached skill level 6 in Spellcasting
  7997 | D:6      | Found an opulent altar of Gozag.
  8059 | D:6      | Learned a level 4 spell: Flame Wave
  8062 | D:6      | Learned a level 2 spell: Passwall
  8248 | D:7      | Found a staircase to the Ecumenical Temple.
  8276 | D:7      | Reached skill level 7 in Spellcasting
  8276 | D:7      | Gained mutation: You have a pair of small antennae on your
                  | head. [demonic ancestry]
  8276 | D:7      | Reached XP level 9. HP: 53/58 MP: 6/19
  8588 | D:7      | Noticed a +0 short sword
  8588 | D:7      | Noticed a +0 falchion
  8588 | D:7      | Noticed a +0 dagger
  8588 | D:7      | Noticed a +0 dagger
  8588 | D:7      | Noticed a +0 short sword
  8589 | D:7      | Noticed a +0 falchion
  8589 | D:7      | Noticed a +0 spear
  8589 | D:7      | Noticed a +0 spear
  8590 | D:7      | Found a hide-covered altar of Uskayaw.
  8777 | D:7      | Learned a level 3 spell: Swiftness
  9107 | D:7      | Noticed a kobold demonologist
  9110 | D:7      | Noticed a kobold demonologist
  9112 | D:7      | Killed a kobold demonologist
  9113 | D:7      | Reached skill level 1 in Fighting
  9116 | D:7      | Killed a kobold demonologist
  9117 | D:7      | Reached skill level 1 in Shields
  9119 | D:7      | Noticed a kobold demonologist
  9126 | D:7      | Reached skill level 8 in Spellcasting
  9140 | D:7      | Killed a kobold demonologist
  9316 | Temple   | Entered the Ecumenical Temple
  9666 | D:8      | Noticed Psyche
  9678 | D:8      | Killed Psyche
 10039 | D:8      | Gained mutation: You have sharp fingernails. [demonic
                  | ancestry]
 10039 | D:8      | Reached XP level 10. HP: 64/65 MP: 17/22
 10163 | D:8      | Noticed Joseph
 10180 | D:8      | Killed Joseph
 10301 | D:8      | Found a runed translucent gate.
 10301 | D:8      | Found a runed translucent gate.
 10301 | D:8      | Found a runed translucent gate.
 10303 | D:8      | Noticed hawla's ghost (journeyman DEFE)
 10304 | D:8      | Noticed a nine-headed hydra
 10323 | D:8      | Identified a scroll of acquirement
 10323 | D:8      | Acquired 875 gold pieces
 10368 | D:8      | Noticed Pikel
 10377 | D:8      | Killed Pikel
 10448 | D:8      | Noticed a two-headed ogre
 11015 | D:8      | Killed a two-headed ogre
 11016 | D:8      | Reached skill level 9 in Spellcasting
 11070 | D:8      | Reached skill level 1 in Evocations
 11704 | D:8      | Learned a level 4 spell: Hailstorm
 12126 | D:9      | Reached skill level 1 in Earth Magic
 12354 | D:9      | Noticed a two-headed ogre
 12362 | D:9      | Killed a two-headed ogre
 12363 | D:9      | Gained mutation: You have a pair of antennae on your head.
                  | [demonic ancestry]
 12363 | D:9      | Reached XP level 11. HP: 48/71 MP: 16/24
 13474 | D:10     | Entered Level 10 of the Dungeon
 13483 | D:10     | Found a staircase to the Lair.
 14200 | D:10     | Noticed a two-headed ogre
 14201 | D:10     | Found a snail-covered altar of Cheibriados.
 14211 | D:10     | Killed a two-headed ogre
 14588 | D:10     | Learned a level 3 spell: Frozen Ramparts
 14661 | Lair:1   | Entered Level 1 of the Lair of Beasts
 14714 | Lair:1   | Reached skill level 10 in Spellcasting
 14742 | Lair:1   | Reached skill level 1 in Armour
 14780 | Lair:1   | Noticed an oklob plant
 14917 | Lair:1   | Noticed a seven-headed hydra
 14935 | Lair:1   | Killed a seven-headed hydra
 15518 | Lair:2   | Acquired the ring "Cooruw" {rPois rC+ Will+ Int-3 Stlth+}
 15610 | Lair:2   | Noticed a catoblepas
 15611 | Lair:2   | Noticed a boulder beetle
 15711 | Lair:3   | You fall into a shaft and drop 2 floors!
 15711 | Lair:5   | Entered Level 5 of the Lair of Beasts
 15731 | Lair:5   | Gained mutation: You have a sharp stinger which inflicts
                  | weakening toxins. [demonic ancestry]
 15731 | Lair:5   | Reached XP level 12. HP: 46/78 MP: 5/26
 16151 | Lair:5   | Noticed a death yak
 16208 | Lair:4   | Noticed a death yak
 16215 | Lair:4   | Noticed a death yak
 16215 | Lair:4   | Noticed a death yak
 16228 | Lair:5   | Slain by an elephant

Illustrated notes

Levels and vault maps discovered:
D:1:      sevenhm_arrival_forest_fort_large_3, layout_loops_ring,
          ebering_ecumenical_altar_petrified, dk_noncrumbling_3
D:2:      layout_basic, minmay_misc_feat_room, uniq_jessica
D:3:      layout_rooms, serial_forest, infiniplex_forest_pool,
          infiniplex_forest_clump_C, infiniplex_forest_clump_tiny,
          infiniplex_forest_end_2, infiniplex_forest_clump_diagonal,
          infiniplex_forest_diagonal, infiniplex_forest_end_1,
          interstate_on_off, palyth_stone_intersect, dreamdust_princess_corridor
D:4:      layout_loops_ring, lemuel_blue_sif_altar,
          amcnicky_mini_rare_corridor_liquid, uniq_blork_the_orc
D:5:      layout_loops_corners, minmay_quadrilaterals
D:6:      layout_gridville, nicolae_overflow_hidden_temple, serial_shops,
          nicolae_shop_stone
D:7:      cheibrodos_quashed, layout_rooms, tso_altar,
          nicolae_uskayaw_en_pointe, zin_treasury, minmay_temple_entry_ruins,
          minmay_fractal_squares_gapless_5
D:8:      layout_basic, gammafunk_ghost_hydra_chop, st_stairs_12, uniq_joseph,
          uniq_psyche, uniq_pikel
D:9:      layout_loops_ring, fountainhead
D:10:     layout_roguey, mainiacjoe_overflow_tiny_flanked,
          erik_lair_orcish_takeover, serial_rivers,
          chequers_serial_rivers_micro_a, chequers_serial_rivers_large_a,
          chequers_serial_rivers_room_a, chequers_serial_rivers_room_a,
          kennysheep_generic_room_10
Temple:   chequers_temple_sunken
Lair:1:   layout_regular_city, minivault_23, minmay_lair_oklob_bushes,
          lemuel_fruit_tree
Lair:2:   layout_small_grid, spider_nest_entry_a,
          nicolae_lair_grove_arrangements
Lair:3:   layout_regular_city, skrybe_swamp_entry_bodies, basic_altar,
          portal_ice_cave_entry_ice_simulacra, serial_bayou_shore_a,
          infiniplex_staircase_pool
Lair:4:   layout_cave_pods, gammafunk_ghost_hive, minivault_27,
          lemuel_fruit_fields
Lair:5:   evil_forest, layout_cave_pods, slime_entry_1,
          grunt_forest_small_clearing_treed, grunt_megastairs_1

Skill      XL: |  1  2  3  4  5  6  7  8  9 10 11 |
---------------+----------------------------------+-----
Fire Magic     | 3 4 5 6 7 8 9 |  9.7
Dodging        | 2 3 |  3.7
Stealth        | 2 3 4 5 7 8 9 |  9.3
Spellcasting   | 3 4 5 7 8 9 10 | 10.6
Short Blades   | 1 2 3 |  3.6
Conjurations   | 2 3 4 |  4.0
Fighting       | 1 2 |  2.1
Shields        | 1 2 |  2.0
Evocations     | 1 |  1.7
Earth Magic    | 1 3 |  3.2
Armour         | 2 |  2.2

Action                   |  1- 3 |  4- 6 |  7- 9 | 10-12 || total
-------------------------+-------+-------+-------+-------++-------
Melee: Unarmed           |     2 |       |       |       ||     2
       Short sword       |     1 |       |       |       ||     1
       Dagger            |    25 |    50 |    73 |    71 ||   219
       Tailslap          |       |     1 |     6 |     8 ||    15
 Cast: Foxfire           |    43 |    46 |    52 |    19 ||   160
       Scorch            |    10 |    42 |    91 |    72 ||   215
       Conjure Flame     |       |       |     2 |       ||     2
       Stone Arrow       |       |       |       |    74 ||    74
       Flame Wave        |       |       |       |     9 ||     9
Evoke: Wand              |       |       |     6 |    15 ||    21
  Use: Scroll            |       |     7 |    10 |    17 ||    34
       Potion            |       |     3 |     1 |     4 ||     8
 Stab: Sleeping          |     5 |     6 |     2 |     8 ||    21
       Paralysed         |    11 |    17 |    41 |    47 ||   116
Armor: Robe              |     8 |     6 |    10 |     5 ||    29
       Troll leather arm |       |       |       |    24 ||    24
       Leather armour    |       |       |       |     2 ||     2
Dodge: Dodged            |    17 |    23 |    37 |    71 ||   148
Block: Other             |     4 |     9 |     2 |       ||    15
       Reflection        |       |     1 |     1 |     2 ||     4
       Buckler           |       |       |    14 |    70 ||    84
